 Dungeon Crawl Stone Soup version 0.19.5 (console) character file.

10357 CALLOUS the Impaler (level 11, -1/89 HPs)
             Began as a Merfolk Berserker on Apr 24, 2017.
             Was an Elder of Trog.
             Slain by a five-headed hydra (8 damage)
             ... on level 13 of the Dungeon.
             The game lasted 05:10:56 (17217 turns).

CALLOUS the Impaler (Merfolk Berserker)            Turns: 17217, Time: 05:10:57

Health: -1/89      AC:  6    Str: 24    XL:     11   Next: 60%
Magic:  13/15      EV: 13    Int:  7    God:    Trog [****..]
Gold:   485        SH: 13    Dex: 11    Spells: 0 memorised, 10 levels left

rFire  + . .     SeeInvis .     a - +3 dagger (venom)
rCold  . . .     Gourm    .     t - +1 robe {rF+}
rNeg   . . .     Faith    .     m - +1 large shield
rPois  .         Spirit   .     A - +0 helmet
rElec  .         Reflect  .     (no cloak)
rCorr  .         Harm     .     M - +0 pair of gloves
MR     .....     Clarity  +     R - +0 pair of boots
Stlth  +++.......               (no amulet)
                                s - +3 ring of strength
                                (no ring)

@: drained
A: change form in water, swift swim, stealthy swim, clarity, clumsy 1,
MP-powered wands
a: Berserk, Trog's Hand, Brothers in Arms, Burn Spellbooks, Renounce Religion


You were on level 13 of the Dungeon.
You worshipped Trog.
Trog was greatly pleased with you.
You were not hungry.

You visited 1 branch of the dungeon, and saw 13 of its levels.
You also visited: Ossuary.

You collected 485 gold pieces.

Inventory:

Hand Weapons
 a - a +3 dagger of venom (weapon)
 b - a +2 trident of piercing
 H - a +0 hunting sling
 N - a +0 hand crossbow
 X - a +0 blowgun
Missiles
 e - 66 sling bullets
 h - 265 stones
 w - 3 throwing nets
 C - 7 curare-tipped needles
 O - 5 tomahawks (quivered)
 P - 8 bolts
Armour
 m - a +1 large shield (worn)
 t - a +1 robe of fire resistance (worn)
 z - a +0 leather armour of cold resistance
 A - a +0 helmet (worn)
 M - a +0 pair of gloves (worn)
 R - a +0 pair of boots (worn)
Magical Staves
 k - an uncursed staff of air
Jewellery
 s - a +3 ring of strength (right hand)
Wands
 y - a wand of slowing (27/48)
 S - a wand of acid (9/15)
 T - a wand of slowing (42/48)
 Y - a wand of teleportation (2/9)
Scrolls
 v - 6 scrolls of teleportation
 x - 2 scrolls of immolation
Potions
 i - 5 potions of curing
 V - 3 potions of might
Books
 Q - a book of Air

   Spells                             Type                      Level
   a - Shock                          Conjuration/Air              1
   b - Swiftness                      Charms/Air                   2
   c - Repel Missiles                 Charms/Air                   2
   d - Static Discharge               Conjuration/Air              3
   e - Lightning Bolt                 Conjuration/Air              5
   Trog disapproves of the use of such an item.
Comestibles
 c - 8 bread rations
 g - 10 fruits
 G - 7 beef jerkies


   Skills:
 + Level 9.3(9.2) Fighting
 * Level 15.0(14.9) Polearms
 - Level 1.3 Armour
 * Level 11.9 Dodging
 + Level 5.2 Stealth
 * Level 6.4(6.3) Evocations


You had 10 spell levels left.
You didn't know any spells.

Dungeon Overview and Level Annotations

Branches:
Dungeon (13/15)            Temple (0/1) D:6            Lair (0/6) D:10
    Orc (0/2) D:12         Vaults (0/5) D:13

Altars:
Ashenzari
Dithmenos
Trog

Annotations:
D:2 1 exclusion
D:3 1 exclusion
D:4 1 exclusion
D:5 exclusion: sky beast
D:8 exclusions: electric eel, ice beast, two-headed ogre and 1 more exclusion
D:9 exclusions: howler monkey and wraith
D:10 exclusions: ice beast, troll, worker ant and yak
D:11 exclusion: ogre
D:12 exclusions: adder, crocodile, 2 phantoms and 2 slime creatures
D:13 exclusion: ugly thing, Rupert


Innate Abilities, Weirdness & Mutations

You revert to your normal form in water.
You are very nimble and swift while swimming.
You are very stealthy in the water. (Stealth+)
You possess an exceptional clarity of mind.
You are clumsy. (Dex -2)
You expend magic power (3 MP) to strengthen your wands.


Message History

The five-headed hydra bites you!
* * * LOW HITPOINT WARNING * * *
The five-headed hydra bites you!!
* * * LOW HITPOINT WARNING * * *
The five-headed hydra closely misses you.
Press: ? - help, v - describe, . - travel
Here: a five-headed hydra (flame, heavily wounded)
The floor, spattered with blood.
Unknown command.
Press: ? - help, v - describe, . - travel
Here: a gnoll, wielding a halberd The floor.
Unknown command.
You fail to use your ability.
The five-headed hydra is engulfed in roaring flames.
The five-headed hydra misses you.
You block the five-headed hydra's attack. x2
The five-headed hydra bites you but does no damage.
The five-headed hydra bites you!
You die...

#..... #......
##.......
##.....g..
##...g...o.
##...../g..g
##......g....
#...@D..g....
#.......?.....
#..............
#...............
#................
.................
.................
.................


You could see a five-headed hydra, a gnoll sergeant, 4 gnolls and an orc
(wandering).

Vanquished Creatures
  The ghost of happy2pester the Carver, a novice HOFi of the Shining One (D:9)
  An orc knight (D:12)
  A gargoyle (D:12)
  A troll (D:10)
  A two-headed ogre (D:12)
  A flying skull (D:9)
  2 shadows
  A hill giant zombie (D:12)
  2 wraiths
  8 yaks (D:10)
  3 humans (D:12)
  2 basilisks (D:10)
  3 porcupines (D:10)
  2 orc warriors
  4 phantoms
  2 ogres
  4 centaurs
  3 crocodiles (D:10)
  5 bullfrogs
  A water moccasin zombie (D:7)
  4 scorpions
  A troll zombie (D:12)
  A wight (D:13)
  7 killer bees
  4 crimson imps
  2 centaur zombies
  A quasit (D:5)
  2 hounds
  A jelly (D:3)
  A bullfrog zombie (D:5)
  4 orc priests
  13 orc wizards
  Jessica (D:2)
  3 bullfrog skeletons
  5 iguanas
  Ijyb (D:3)
  4 worker ants
  2 big kobold zombies (Ossuary)
  5 ogre zombies (D:12)
  A hound zombie (D:7)
  3 hound skeletons
  3 mummies (Ossuary)
  2 worker ant zombies
  8 adders
  6 river rats
  2 oozes
  2 adder skeletons (D:9)
  2 worms
  6 leopard geckos
  43 orcs
  5 bats
  5 giant cockroaches
  9 goblins
  4 hobgoblins
  15 jackals
  6 quokkas
  4 ball pythons
  3 frilled lizards
  A goblin skeleton (D:12)
  6 goblin zombies
  5 hobgoblin zombies
  6 kobolds
  3 kobold zombies (Ossuary)
  5 orc skeletons (D:12)
  11 orc zombies (D:12)
  A quokka skeleton (D:7)
  11 rats
288 creatures vanquished.

Vanquished Creatures (collateral kills)
  A centaur warrior (D:13)
  An unseen horror (D:10)
  A two-headed ogre (D:13)
  6 slime creatures (D:13)
  A yak (D:10)
  A human (D:13)
  A hungry ghost (D:10)
  3 wights (D:13)
  2 killer bees (D:13)
17 creatures vanquished.

Grand Total: 305 creatures vanquished

Notes
Turn   | Place    | Note
-------+----------+-------------------------------------------
     0 | D:1      | CALLOUS the Merfolk Berserker began the quest for the Orb.
     0 | D:1      | Reached XP level 1. HP: 18/18 MP: 1/1
   310 | D:1      | Reached XP level 2. HP: 23/24 MP: 2/2
   781 | D:1      | Reached skill level 5 in Polearms
  1012 | D:1      | Reached XP level 3. HP: 27/30 MP: 3/3
  1169 | D:2      | Found a shattered altar of Ashenzari.
  1287 | D:2      | Noticed Jessica
  1310 | D:2      | Killed Jessica
  1310 | D:2      | Reached XP level 4. HP: 25/37 MP: 4/4
  1422 | D:2      | Gained mutation: You are clumsy. (Dex -2) [potion of mutation]
  1422 | D:2      | Gained mutation: You possess an exceptional clarity of mind. [potion of mutation]
  1422 | D:2      | Gained mutation: You expend magic power (3 MP) to strengthen your wands. [potion of mutation]
  1492 | D:2      | Reached skill level 6 in Polearms
  1621 | D:2      | Reached ** piety under Trog
  2071 | D:3      | Reached XP level 5. HP: 42/42 MP: 5/5
  2219 | D:3      | Noticed a centaur
  2225 | D:3      | Killed a centaur
  2225 | D:3      | Reached skill level 7 in Polearms
  2228 | D:3      | Reached skill level 8 in Polearms
  2291 | D:3      | Reached XP level 6. HP: 43/48 MP: 6/6
  2943 | D:3      | Reached *** piety under Trog
  3029 | D:3      | Noticed Ijyb
  3040 | D:3      | Killed Ijyb
  3040 | D:3      | Reached skill level 9 in Polearms
  3632 | D:4      | Found a bloodstained altar of Trog.
  3784 | D:4      | Reached skill level 1 in Stealth
  3960 | D:5      | Entered Level 5 of the Dungeon
  4079 | D:5      | Reached XP level 7. HP: 55/55 MP: 7/7
  4689 | D:5      | Reached skill level 5 in Fighting
  5008 | D:6      | Found a staircase to the Ecumenical Temple.
  5019 | D:6      | Reached skill level 5 in Dodging
  5429 | D:6      | Reached skill level 10 in Polearms
  5735 | D:6      | Reached skill level 1 in Evocations
  6259 | D:7      | Found a sand-covered staircase.
  6282 | Ossuary  | Entered an ossuary
  6282 | Ossuary  | Noticed a wraith
  6282 | Ossuary  | Noticed a wraith
  6282 | Ossuary  | Noticed a wraith
  6492 | Ossuary  | Reached XP level 8. HP: 61/62 MP: 7/9
  6680 | Ossuary  | Noticed a wraith
  6715 | Ossuary  | Killed a wraith
  7376 | D:7      | Reached skill level 11 in Polearms
  7852 | D:8      | Noticed a manticore
  7918 | D:9      | Reached **** piety under Trog
  8024 | D:9      | Noticed a flying skull
  8053 | D:9      | Killed a flying skull
  8170 | D:9      | Noticed a wraith
  8514 | D:4      | Found a shadowy altar of Dithmenos.
  8589 | D:4      | Reached skill level 12 in Polearms
  8589 | D:4      | Reached XP level 9. HP: 49/69 MP: 11/11
  9960 | D:7      | HP: 3/71 [centaur (8)]
 11382 | D:9      | Noticed happy2pester's ghost (novice HOFi)
 11548 | D:8      | Noticed a two-headed ogre
 11750 | D:8      | Reached skill level 13 in Polearms
 12145 | D:9      | Killed happy2pester's ghost
 12145 | D:9      | Reached XP level 10. HP: 79/79 MP: 13/13
 12323 | D:9      | Identified the +1 leather armour of Hikiseq {-Tele Dex+2 Slay+3} (You found it on level 9 of the Dungeon)
 12334 | D:10     | Entered Level 10 of the Dungeon
 12760 | D:10     | Killed an unseen horror
 12788 | D:10     | Reached skill level 10 in Dodging
 12815 | D:10     | Reached skill level 5 in Evocations
 12840 | D:10     | Reached skill level 14 in Polearms
 13403 | D:10     | Found a staircase to the Lair.
 13764 | D:10     | Reached XP level 11. HP: 87/87 MP: 11/15
 14198 | D:10     | Reached skill level 5 in Stealth
 15200 | D:12     | Found a staircase to the Orcish Mines.
 16578 | D:13     | HP: 4/87 [slime creature (13)]
 16597 | D:13     | Noticed a centaur warrior
 16598 | D:13     | Noticed an orc knight
 16600 | D:13     | Killed a centaur warrior
 16601 | D:13     | Noticed Rupert
 16830 | D:13     | Found a gate to the Vaults.
 16847 | D:13     | Noticed a purple ugly thing
 16850 | D:13     | Noticed a cyclops
 16863 | D:13     | Paralysed by Rupert for 2 turns
 17143 | D:12     | Killed an orc knight
 17143 | D:12     | Reached skill level 15 in Polearms
 17211 | D:13     | Noticed a five-headed hydra
 17217 | D:13     | Slain by a five-headed hydra

Skill      XL: |  1  2  3  4  5  6  7  8  9 10 11 |
---------------+----------------------------------+-----
Dodging        | 3 4 5 6 9 10 11 | 11.9
Polearms       | 5 6 8 9 10 12 13 14 15 | 15.0
Fighting       | 4 5 6 7 8 9 |  9.3
Stealth        | 1 4 5 |  5.2
Evocations     | 1 3 4 5 6 |  6.4
Armour         | |  1.3

Action                   |  1- 3 |  4- 6 |  7- 9 | 10-12 || total
-------------------------+-------+-------+-------+-------++-------
Melee: Spear             |    76 |   290 |   485 |       ||   851
       Dagger            |       |       |    76 |    96 ||   172
       Trident           |       |       |    46 |   183 ||   229
 Fire: Hunting sling     |       |    23 |   170 |   138 ||   331
       Blowgun           |       |       |     8 |       ||     8
       Hand crossbow     |       |       |       |     2 ||     2
Throw: Stone             |    46 |    27 |    14 |     7 ||    94
       Tomahawk          |       |     1 |    18 |     7 ||    26
Invok: Berserk           |     1 |     6 |     3 |     6 ||    16
       Burn Spellbooks   |       |       |     1 |     2 ||     3
       Brothers in Arms  |       |       |       |     4 ||     4
       Trog's Hand       |       |       |       |     2 ||     2
Evoke: Wand              |       |       |       |     2 ||     2
  Use: Potion            |     5 |     1 |     1 |     1 ||     8
       Scroll            |       |       |    10 |     3 ||    13
 Stab: Sleeping          |       |       |     3 |     2 ||     5
  Eat: Chunk             |     1 |    13 |    11 |    10 ||    35
       Royal jelly       |       |     1 |       |       ||     1
       Meat ration       |       |       |     2 |     2 ||     4
       Bread ration      |       |       |     2 |     1 ||     3
Armor: Ring mail         |     8 |    49 |    18 |       ||    75
       Animal skin       |       |       |     2 |       ||     2
       Robe              |       |       |    40 |    36 ||    76
Dodge: Dodged            |    14 |    50 |    92 |    83 ||   239
Block: Large shield      |    22 |   105 |   196 |   140 ||   463
